 Dungeon Crawl Stone Soup version 0.31.0-11-ge490571c62 (webtiles) character file.

Game seed: 2731961534358074538

580 shadowrider38 the Chopper (level 7, -1/61 HPs)
             Began as a Minotaur Fighter on Feb 2, 2024.
             Slain by Duvessa
             ... wielding a +0 short sword
              (14 damage)
             ... on level 4 of the Dungeon.
             The game lasted 00:01:33 (2360 turns).

shadowrider38 the Chopper (Minotaur Fighter)        Turns: 2360, Time: 00:01:33

Health: -1/61      AC: 10    Str: 22    XL:     7   Next: 13%
Magic:  6/6        EV:  9    Int:  5    God:
Gold:   171        SH:  5    Dex: 10    Spells: 6/6 levels left

rFire   + . .        a - +0 war axe
rCold   . . .        c - +0 buckler
rNeg    . . .        b - +0 scale mail
rPois   .            j - +2 hat
rElec   .            n - +0 cloak
rCorr   .            (no gloves)
SInv    .            (no boots)
Will    .....        (no amulet) Stlth
                     f - ring of protection from fire
HPRegen 0.30/turn    (no ring)
MPRegen 0.10/turn

%: no passive effects
@: no status effects
A: horns 2, retaliatory headbutt
a: no special abilities


You were on level 4 of the Dungeon.
You visited 1 branch of the dungeon, and saw 4 of its levels.

You collected 171 gold pieces.

Inventory:

Hand Weapons
 a - a +0 war axe (weapon)
Missiles
 t - 5 boomerangs
 v - 3 javelins (quivered)
 J - 4 atropa-tipped darts
Armour
 b - a +0 scale mail (worn)
 c - a +0 buckler (worn)
 j - a +2 hat (worn)
 n - a +0 cloak (worn)
 q - a +0 pair of gloves
Jewellery
 f - a ring of protection from fire (left hand)
Scrolls
 e - 3 scrolls of fear {unknown}
 h - 5 scrolls of teleportation {unknown}
 i - a scroll of vulnerability {unknown}
 k - a scroll of identify {unknown}
 o - a scroll of blinking {unknown}
Potions
 d - a potion of might
 g - 2 potions of magic {unknown}
 l - a potion of degeneration {unknown}
 m - 2 potions of curing {unknown}
 p - a potion of brilliance {unknown}
 r - 2 potions of ambrosia {unknown}
 s - a potion of resistance {unknown}


   Skills:
 + Level 5.4 Fighting
 * Level 6.2 Axes
 + Level 5.5 Armour
 + Level 5.4 Shields


You had 6 spell levels left.
You didn't know any spells.
Your spell library contained the following spells:

 Spells                   Type           Power      Damage    Failure   Level
 Animate Armour           Summ/Erth      0%         N/A       100%        4
 Summon Lightning Spire   Summ/Air       0%         N/A       100%        4
 Lee's Rapid Deconstruct  Erth           0%         3d4*      100%        5


Dungeon Overview and Level Annotations

Branches:
Dungeon (4/15) Zot: 21578
 Temple: D:4-7

Altars:
Uskayaw
The Shining One

Annotations:
D:3 2 runed translucent doors, EnlightenedBush's ghost, amateur TrFi
D:4 Duvessa


Innate Abilities, Weirdness & Mutations

You have a pair of horns on your head.
You reflexively headbutt those who attack you in melee.


Message History

You hit Duvessa but do no damage. Duvessa barely misses you.
You hit Duvessa but do no damage.
Duvessa is moderately wounded.
Duvessa hits you with a +0 short sword! Duvessa barely misses you.
You closely miss Duvessa. You headbutt Duvessa.
Duvessa is moderately wounded.
Duvessa hits you with a +0 short sword. x2
You hit Duvessa but do no damage.
Duvessa is moderately wounded.
Duvessa closely misses you. Duvessa hits you but does no damage.
You aren't carrying any items that you can evoke.
Unknown command.
Throw: 6 darts (atropa)
Press: ? - help, Shift-Dir - straight line, f - Duvessa
Aim: Duvessa, wielding a +0 short sword and wearing a +0 chain mail (moderately wounded, berserk, 67% to hit, chance to blind on hit: 51%)
You throw an atropa-tipped dart. The atropa-tipped dart hits Duvessa.
Duvessa resists.
Duvessa is moderately wounded.
Duvessa closely misses you. Duvessa hits you but does no damage.
Throw: 5 darts (atropa)
Press: ? - help, Shift-Dir - straight line, f/p - Duvessa
Aim: Duvessa, wielding a +0 short sword and wearing a +0 chain mail (moderately wounded, berserk, 67% to hit, chance to blind on hit: 51%)
You throw an atropa-tipped dart. The atropa-tipped dart hits Duvessa.
Duvessa appears confused.
Duvessa is moderately wounded.
Duvessa seems less confused.
Duvessa completely misses you.
You catch the helpless Duvessa completely off-guard!
You hit Duvessa. Your headbutt misses Duvessa.
Duvessa is moderately wounded.
Duvessa hits you with a +0 short sword. Duvessa completely misses you.
You are too injured to fight recklessly!
You hit Duvessa.
Duvessa is moderately wounded.
You block Duvessa's attack. x2
You are too injured to fight recklessly!
You hit Duvessa.
Duvessa is heavily wounded.
Duvessa is no longer blind.
Duvessa barely misses you. You block Duvessa's attack.
You closely miss Duvessa.
Duvessa is heavily wounded.
Duvessa hits you with a +0 short sword.
* * * LOW HITPOINT WARNING * * *
Duvessa hits you with a +0 short sword.
* * * LOW HITPOINT WARNING * * *
Unknown command.
You hit Duvessa but do no damage.
Duvessa is heavily wounded.
You block Duvessa's attack. Duvessa hits you with a +0 short sword!
You die...

#..###..##
#######.##.##.## ##
#..†.#.##.##.#_#..#
#.###.##.##.####..#
######.# ##..###..##...#
.......############...##
..........[....>.......#
.......#######.....=...#
.......##.......@e.....#
...<...........#)......#
................#.....##
.................#...##
.................#.###
#.#................#
..#..............###
#.................
##.#...........<


You could see Duvessa (berserk).

Vanquished Creatures
  Sigmund (D:3)
  Menkaure (D:4)
  Dowan (D:4)
  Jessica (D:2)
  Natasha (thrice) (D:3)
  Terence (D:3)
  Robin (D:2)
  4 adders (D:2)
  2 dart slugs (D:1)
  3 ribbon worms (D:2)
  2 orcs (D:3)
  7 bats
  8 endoplasms
  6 goblins
  13 hobgoblins
  4 jackals (D:2)
  5 ball pythons
  4 frilled lizards
  5 kobolds
  6 rats
78 creatures vanquished.

Notes
Turn   | Place    | Note
-------+----------+-------------------------------------------
     0 | D:1      | shadowrider38 the Minotaur Fighter began the quest for the
                  | Orb.
     0 | D:1      | Reached XP level 1. HP: 19/19 MP: 0/0
    70 | D:1      | Reached XP level 2. HP: 14/27 MP: 1/1
   335 | D:1      | Reached skill level 3 in Axes
   756 | D:1      | Found a faded altar of an unknown god.
   826 | D:2      | Reached XP level 3. HP: 27/33 MP: 2/2
   852 | D:2      | Noticed Robin
   915 | D:2      | Killed Robin
  1031 | D:2      | Reached XP level 4. HP: 40/40 MP: 3/3
  1223 | D:2      | Reached skill level 4 in Axes
  1242 | D:2      | Noticed Jessica
  1247 | D:2      | Killed Jessica
  1449 | D:2      | Reached XP level 5. HP: 47/47 MP: 4/4
  1613 | D:3      | Noticed Terence
  1621 | D:3      | Killed Terence
  1680 | D:3      | Noticed Natasha
  1683 | D:3      | Killed Natasha
  1742 | D:3      | Noticed Sigmund
  1749 | D:3      | Killed Sigmund
  1750 | D:3      | Reached skill level 5 in Axes
  1750 | D:3      | Reached XP level 6. HP: 53/56 MP: 5/5
  1753 | D:3      | Found a large runed translucent door.
  1753 | D:3      | Found a large runed translucent door.
  1755 | D:3      | Found a hide-covered altar of Uskayaw.
  1846 | D:3      | Noticed Natasha
  1855 | D:3      | Killed Natasha
  1891 | D:3      | Noticed EnlightenedBush's ghost (amateur TrFi)
  1998 | D:3      | Noticed Natasha
  2010 | D:3      | Killed Natasha
  2163 | D:4      | Noticed Menkaure
  2170 | D:4      | Killed Menkaure
  2171 | D:4      | Reached skill level 6 in Axes
  2171 | D:4      | Reached XP level 7. HP: 27/61 MP: 6/6
  2310 | D:4      | Found a glowing golden altar of the Shining One.
  2343 | D:4      | Noticed Duvessa
  2343 | D:4      | Noticed Dowan
  2350 | D:4      | Killed Dowan
  2360 | D:4      | Slain by Duvessa

Illustrated notes

Levels and vault maps discovered:
D:1:      zelgadis_glass_arrival_small, layout_basic,
          shapermc_ecumenical_altar_mp_ritualfount
D:2:      layout_rooms, grunt_ministairs_4, uniq_jessica, uniq_robin
D:3:      minmay_angry_zag, layout_rooms, eat_drink_and_be_merry_uskayaw,
          ebering_ghost_disaster_area, uniq_natasha, uniq_sigmund, uniq_terence
D:4:      layout_rooms, marbit_many_paths, uniq_duvessa, uniq_menkaure

Skill      XL: |  1  2  3  4  5  6 |
---------------+-------------------+-----
Axes           | 3 4 5 6 |  6.2
Fighting       | 4 5 |  5.4
Armour         | 4 5 |  5.5
Shields        | 4 5 |  5.4

Action                     |  1- 3 |  4- 6 |  7- 9 || total
---------------------------+-------+-------+-------++-------
  Melee: War axe           |    63 |   114 |    17 ||   194
         Headbutt          |     8 |    14 |     2 ||    24
  Throw: Dart              |       |       |     2 ||     2
   Stab: Invisible         |       |       |     1 ||     1
 Armour: Scale mail        |    59 |    77 |    19 ||   155
  Dodge: Dodged            |    43 |    54 |    10 ||   107
  Block: Buckler           |    22 |    23 |     5 ||    50
